 Dungeon Crawl Stone Soup version 0.21-a0-1-gaf3b9a5 (webtiles) character file.

1484 Gorglomux the Cudgeler (level 8, -2/85 (87) HPs)
             Began as an Ogre Hunter on May 20, 2017.
             Was a Believer of Okawaru.
             Slain by a sky beast (5 damage)
             ... on level 5 of the Dungeon.
             The game lasted 00:10:50 (7224 turns).

Gorglomux the Cudgeler (Ogre Hunter)                Turns: 7224, Time: 00:10:50

HP:   -2/85 (87)    AC:  3    Str: 17    XL:     8   Next: 79%
MP:   8/8           EV: 20    Int: 12    God:    Okawaru [**....]
Gold: 211           SH:  0    Dex: 11    Spells: 7/7 levels left

rFire    . . .     SeeInvis .   l - +0 mace
rCold    . . .     Gourm    .   (no shield)
rNeg     . . .     Faith    .   b - +0 robe
rPois    .         Spirit   .   (helmet restricted)
rElec    .         Reflect  .   (no cloak)
rCorr    .         Harm     .   (gloves unavailable)
MR       .....                  (boots unavailable)
Stlth    +.........             (no amulet)
Regen    0.3/turn               y - +5 ring of evasion
MPRegen  0.2/turn               u - +4 ring of evasion

@: no status effects
A: unfitting armour, tough skin 1
a: Heroism, Renounce Religion


You were on level 5 of the Dungeon.
You worshipped Okawaru.
Okawaru was pleased with you.
You were hungry.

You visited 2 branches of the dungeon, and saw 6 of its levels.
You also visited: Sewer.

You collected 211 gold pieces.

Inventory:

Hand Weapons
 a - a +0 short sword
 l - a +0 mace (weapon)
   (You found it on level 1 of the Dungeon)
Missiles
 c - 5 large rocks {!d}
 d - 2 throwing nets {=f, !d}
 h - 110 stones (quivered)
Armour
 b - a +0 robe (worn)
Jewellery
 k - an uncursed ring of protection from fire {rF+, !d}
   (You found it on level 1 of the Dungeon)
 p - an uncursed ring of resist corrosion
   (You found it on level 1 of the Dungeon)
 u - a +4 ring of evasion (right hand)
   (You took it off a goblin on level 3 of the Dungeon)
 y - a +5 ring of evasion (left hand)
   (You found it on level 3 of the Dungeon)
Wands
 D - a wand of scattershot (3/9)
   (You found it on level 5 of the Dungeon)
Scrolls
 e - a scroll of immolation {unknown}
 i - 2 scrolls of remove curse
 m - a scroll of fear
 q - 2 scrolls of magic mapping {unknown}
 v - a scroll of teleportation
 A - a scroll of fog {unknown}
 B - a scroll of blinking {unknown}
 C - a scroll of enchant armour {unknown}
Potions
 r - 3 potions of heal wounds
 s - 3 potions of mutation {!q}
 w - a potion of cancellation
 x - 4 potions of flight
 z - a potion of resistance
Books
 j - Kyva's Almanac of Darkness and Displacement
   (You found it on level 5 of the Dungeon)

   Spells                             Type                      Level
   a - Animate Skeleton               Necromancy                   1
   b - Gell's Gravitas                Translocation                3
   c - Force Lance                    Conjuration/Translocation    4
   d - Animate Dead                   Necromancy                   4
   e - Dispel Undead                  Necromancy                   5
 o - a book of Changes
   (You found it on level 5 of the Dungeon)
Comestibles
 f - 6 bread rations {@e1}
 g - 2 meat rations {@e2}
 n - a royal jelly
 t - 2 fruits
 E - 2 chunks of flesh {@w0}


   Skills:
 - Level 7.0 Fighting
 + Level 7.1 Maces & Flails
 - Level 5.2 Throwing
 - Level 3.6 Dodging
 - Level 0.6 Stealth


You had 7 spell levels left.
You didn't know any spells.

Dungeon Overview and Level Annotations

Branches:
Dungeon (5/15)             Temple (1/1) D:4

Altars:
Cheibriados
Elyvilon
Fedhas
Hepliaklqana
Kikubaaqudgha
Makhleb
Okawaru
Ru
Trog
Wu Jian
Zin
The Shining One


Innate Abilities, Weirdness & Mutations

You are too large for most types of armour.
You have tough skin. (AC +1)


Message History

Deactivating autopickup; reactivate with Ctrl-A.
No target in view!
No target in view!
You barely miss something. Something barely misses you.
You hit something. Something closely misses you.
You barely miss something. Something barely misses you.
You miss something. Something hits you but does no damage.
You hit something but do no damage. Something closely misses you.
You miss something. Something hits you. Something shocks you.
You closely miss something.
A sky beast appears from thin air!
Reactivating autopickup.
The sky beast hits you but does no damage.
You barely miss the sky beast. The sky beast barely misses you.
You hit the sky beast.
The sky beast flickers out of sight!
Deactivating autopickup; reactivate with Ctrl-A.
Something hits you. Something shocks you. Something hits you.
Something shocks you.
You miss something. Something hits you. Something shocks you.
You miss something.
A sky beast appears from thin air!
Reactivating autopickup.
The sky beast hits you but does no damage.
You closely miss the sky beast. The sky beast closely misses you.
You hit the sky beast but do no damage. The sky beast closely misses you.
You hit the sky beast. The sky beast completely misses you.
You barely miss the sky beast. The sky beast misses you.
You closely miss the sky beast.
The sky beast flickers out of sight!
Deactivating autopickup; reactivate with Ctrl-A.
Something hits you but does no damage. Why would you want to do that?
Why would you want to do that? Why would you want to do that?
Why would you want to do that? Why would you want to do that?
Why would you want to do that? Why would you want to do that?
Why would you want to do that? Why would you want to do that?
Why would you want to do that? Why would you want to do that?
Why would you want to do that? Why would you want to do that?
Why would you want to do that? Why would you want to do that?
Why would you want to do that? Why would you want to do that?
Why would you want to do that? Why would you want to do that?
Why would you want to do that? Why would you want to do that?
Why would you want to do that? Why would you want to do that?
Why would you want to do that? Why would you want to do that?
Why would you want to do that? Why would you want to do that?
Why would you want to do that?
Unknown command.
Why would you want to do that? Why would you want to do that?
Why would you want to do that? Why would you want to do that?
Why would you want to do that? Why would you want to do that?
Why would you want to do that? Why would you want to do that?
Why would you want to do that? Why would you want to do that?
Why would you want to do that? Why would you want to do that?
Why would you want to do that? Why would you want to do that?
Why would you want to do that? Why would you want to do that?
You closely miss something.
The crimson imp blinks!
Something closely misses you.
You hit something but do no damage. Something hits you. Something shocks you.
You miss something. Something hits you. Something shocks you.
You hit something. Something hits you but does no damage.
You miss something. Something hits you. Something shocks you.
You barely miss something. Something hits you but does no damage.
You miss something. Something hits you.
* * * LOW HITPOINT WARNING * * *
Something shocks you.
* * * LOW HITPOINT WARNING * * *
You hit something. Something hits you but does no damage.
You closely miss something. Something hits you.
* * * LOW HITPOINT WARNING * * *
Something shocks you.
* * * LOW HITPOINT WARNING * * *
You are feeling hungry.
You hit something. Something barely misses you.
You hit something but do no damage. Something barely misses you.
You hit something but do no damage. Something hits you.
* * * LOW HITPOINT WARNING * * *
Something shocks you.
* * * LOW HITPOINT WARNING * * *
You hit something. Something hits you.
* * * LOW HITPOINT WARNING * * *
Something shocks you.
You die...

#.#≈≈≈#.. #.#≈≈≈#.. .
#.#≈.≈#.. .. #.#≈≈≈#..
.(. #.#≈≈≈#.. .((.
#.#####..
...((###########........
..(..5{.................
######@....####.#####..
..:...(((...............
....[(#.....####.#####.#
#####.#.....# #.#####..
# #[....# #.....<+.
#.....# #.####.#. #####
#.....####.# ##.#. #...#
#####......# #.... #...#
#......###.#..


You could see a crimson imp.

Vanquished Creatures
  A sky beast (D:5)
  A phantom (D:4)
  A necrophage (D:5)
  4 ogres
  2 bullfrogs (Sewer)
  A scorpion (D:5)
  A quasit (D:4)
  2 hounds (D:4)
  2 orc wizards
  Natasha (thrice) (D:3)
  4 worker ants
  A hound zombie (D:5)
  A howler monkey zombie (D:5)
  Robin (D:3)
  12 adders
  2 shadow imps (D:5)
  10 oozes
  7 worms
  3 dart slugs
  13 leopard geckos
  16 orcs
  4 ball pythons
  8 bats
  17 giant cockroaches
  16 goblins
  8 hobgoblins
  6 jackals
  4 quokkas
  19 frilled lizards
  7 kobolds
  A quokka skeleton (D:4)
  8 rats
186 creatures vanquished.

Notes
Turn   | Place    | Note
-------+----------+-------------------------------------------
     0 | D:1      | Gorglomux the Ogre Hunter began the quest for the Orb.
     0 | D:1      | Reached XP level 1. HP: 22/22 MP: 1/1
   159 | D:1      | Reached skill level 3 in Fighting
   237 | D:1      | Reached skill level 2 in Dodging
   237 | D:1      | Reached XP level 2. HP: 31/31 MP: 2/2
   765 | D:2      | Reached XP level 3. HP: 30/39 MP: 3/3
   825 | D:2      | Reached skill level 4 in Fighting
  1369 | D:2      | You fall through a shaft!
  1371 | D:3      | Reached XP level 4. HP: 45/49 MP: 4/4
  1855 | D:3      | Noticed Robin
  1872 | D:3      | HP: 11/49 [hobgoblin[Robin] (5)]
  1897 | D:2      | HP: 6/49 [quokka (4)]
  2217 | D:3      | Reached skill level 3 in Dodging
  2217 | D:3      | Reached XP level 5. HP: 25/55 MP: 5/5
  2307 | D:3      | Killed Robin
  2507 | D:3      | Found a blossoming altar of Fedhas.
  2507 | D:3      | Found an ancient bone altar of Kikubaaqudgha.
  2579 | D:3      | Reached skill level 5 in Fighting
  2709 | D:3      | Noticed Natasha
  2711 | D:3      | Killed Natasha
  2803 | D:3      | Noticed Natasha
  2810 | D:3      | Killed Natasha
  2848 | D:3      | Noticed Natasha
  2860 | D:3      | Killed Natasha
  2860 | D:3      | Reached XP level 6. HP: 38/67 MP: 6/6
  3247 | D:3      | Reached skill level 6 in Fighting
  3779 | D:4      | Reached skill level 5 in Throwing
  3791 | D:4      | Reached skill level 7 in Fighting
  3791 | D:4      | Reached XP level 7. HP: 30/78 MP: 7/7
  3996 | D:4      | Found a sacrificial altar of Ru.
  4110 | D:4      | Reached skill level 1 in Maces & Flails
  4166 | D:4      | Reached skill level 2 in Maces & Flails
  4250 | D:4      | Found a staircase to the Ecumenical Temple.
  4260 | Temple   | Entered the Ecumenical Temple
  4536 | Temple   | Became a worshipper of Warmaster Okawaru
  4699 | D:4      | Reached skill level 3 in Maces & Flails
  5164 | D:4      | Reached skill level 4 in Maces & Flails
  5408 | D:5      | Entered Level 5 of the Dungeon
  5457 | D:5      | Reached XP level 8. HP: 45/87 MP: 8/8
  5603 | D:5      | Identified Kyva's Almanac of Darkness and Displacement
  5623 | D:5      | Found a glowing drain.
  5628 | D:5      | Reached * piety under Okawaru
  5628 | D:5      | Reached skill level 5 in Maces & Flails
  5897 | Sewer    | Entered a sewer
  6377 | Sewer    | Reached skill level 6 in Maces & Flails
  6592 | D:5      | HP: 21/85 [scorpion (3)]
  6989 | D:5      | Reached ** piety under Okawaru
  6989 | D:5      | Reached skill level 7 in Maces & Flails
  7218 | D:5      | HP: 19/85 [something (6)]
  7223 | D:5      | HP: 12/85 [something (1)]
  7224 | D:5      | HP: 3/85 [something (4)]
  7224 | D:5      | Slain by a sky beast

Vault maps used:
D:1:      eino_arrival_druids_welcome, supply_closet_lemuel
D:3:      kennysheep_the_goblin_king, grunt_temple_overflow_growth_and_decay,
          uniq_robin, uniq_natasha
D:4:      lemuel_crystal_altar, minmay_temple_entry_butterflies, first_bread
D:5:      gup_sewer_entry_glass, uniq_eustachio
Temple:   compressed_dpeg_triangle_lava_temple
Sewer:    sewer_frog_island_02

Skill      XL: |  1  2  3  4  5  6  7  8 |
---------------+-------------------------+-----
Fighting       | 3 4 5 7 |  7.0
Dodging        | 2 3 |  3.6
Throwing       | 5 |  5.2
Maces & Flails | 4 7 |  7.1
Stealth        | |  0.6

Action                   |  1- 3 |  4- 6 |  7- 9 || total
-------------------------+-------+-------+-------++-------
Melee: Mace              |    56 |   218 |   399 ||   673
       Short sword       |     1 |       |       ||     1
Throw: Stone             |    59 |   110 |   232 ||   401
       Large rock        |     3 |     7 |     6 ||    16
  Use: Scroll            |       |     3 |     5 ||     8
  Eat: Chunk             |     1 |     8 |    10 ||    19
       Royal jelly       |       |       |     1 ||     1
Armor: Robe              |    15 |    53 |    66 ||   134
Dodge: Dodged            |    24 |   125 |   479 ||   628

Vault maps used:
D:1:      eino_arrival_druids_welcome, supply_closet_lemuel
D:3:      kennysheep_the_goblin_king, grunt_temple_overflow_growth_and_decay,
          uniq_robin, uniq_natasha
D:4:      lemuel_crystal_altar, minmay_temple_entry_butterflies, first_bread
D:5:      gup_sewer_entry_glass, uniq_eustachio
Temple:   compressed_dpeg_triangle_lava_temple
Sewer:    sewer_frog_island_02

Table legend:
 A = Turns spent in this place as a percentage of turns spent in the entire game.
 B = Non-inter-level travel turns spent in this place as a percentage of non-inter-level travel turns spent in the entire game.
 C = Inter-level travel turns spent in this place as a percentage of turns spent in this place.
 D = Turns resting spent in this place as a percentage of non-inter-level travel turns spent in this place.
 E = Turns spent auto-exploring this place as a percentage of non-inter-level travel turns spent in this place.
 F = Non-inter-level travel turns spent in this place divided by the number of levels of this place that you've seen.
                   A       B       C       D       E      F
               +-------+-------+-------+-------+-------+----------------------
         Total | 100.0 | 100.0 |   0.3 |   1.9 |   7.7 | 344.1
       Dungeon |  78.7 |  78.7 |   0.3 |   2.4 |   8.1 | 379.2
        Temple |   2.2 |   2.2 |   1.9 |   0.0 |  17.3 |  52.0
         Sewer |  19.1 |  19.1 |   0.0 |   0.0 |   5.2 | 461.0
               +-------+-------+-------+-------+-------+----------------------

Table legend:
 A = Kills in this place as a percentage of kills in entire the game.
 B = Kills by you in this place as a percentage of kills by you in the entire game.
 C = Kills by friends in this place as a percentage of kills by friends in the entire game.
 D = Other kills in this place as a percentage of other kills in the entire game.
 E = Experience gained in this place as a percentage of experience gained in the entire game.
 F = Experience gained in this place divided by the number of levels of this place that you have seen.
                   A       B       C       D       E      F
               +-------+-------+-------+-------+-------+----------------------
         Total | 100.0 | 100.0 |  -nan |  -nan | 100.0 | 303.0
       Dungeon |  73.7 |  73.7 |  -nan |  -nan |  83.4 | 353.6
         Sewer |  26.3 |  26.3 |  -nan |  -nan |  16.6 | 353.0
               +-------+-------+-------+-------+-------+----------------------
